 Dungeon Crawl Stone Soup version 0.16.2-12-gd0ad4c3 (webtiles) character file.

15 Ijustatesigmund the Sneak (level 2, -1/17 HPs)
             Began as an Octopode Wizard on Oct 21, 2015.
             Slain by a giant gecko (3 damage)
             ... on level 1 of the Dungeon.
             The game lasted 00:03:55 (1110 turns).

Ijustatesigmund the Sneak (Octopode Wizard)         Turns: 1110, Time: 00:03:56

Health: -1/17      AC:  1    Str:  6    XL:     2   Next: 50%
Magic:  4/6        EV: 12    Int: 20    God:
Gold:   38         SH:  0    Dex: 10    Spells: 4 memorised, 0 levels left

rFire  . . .     SeeInvis .     a - +0 short sword
rCold  . . .     Clarity  .     (no shield)
rNeg   . . .     SustAb   .     b - +0 hat
rPois  .         Gourm    .     (no amulet)
rElec  .         Spirit   .     (no ring)
rCorr  .         Warding  .     (no ring)
rMut   .         Stasis   .     (no ring)
MR     .....                    (no ring)
Stlth  +++.......               (no ring)
                                (no ring)
                                (no ring)
                                (no ring)

@: repel missiles, not resistant to hostile enchantments, fairly stealthy
A: almost no armour, amphibious, 8 rings, constrict 8, camouflage 1, gelatinous
body 1
a: no special abilities


You were on level 1 of the Dungeon.
You were hungry.

You visited 1 branch of the dungeon, and saw 1 of its levels.

You collected 38 gold pieces.

Inventory:

Hand weapons
 a - a +0 short sword (weapon)
Missiles
 f - 2 javelins (quivered)
Armour
 b - a +0 hat (worn)
Potions
 e - a potion of heal wounds {unknown}
 g - a potion of curing
 h - a potion of restore abilities {unknown}
 j - a potion of invisibility {unknown}
Books
 c - a book of Minor Magic

   Spells                             Type                      Level
   a - Magic Dart                     Conjuration                  1
   b - Blink                          Translocation                2
   c - Call Imp                       Summoning                    2
   d - Repel Missiles                 Charms/Air                   2
   e - Slow                           Hexes                        2
   f - Conjure Flame                  Conjuration/Fire             3
   g - Mephitic Cloud                 Conjuration/Poison/Air       3
Comestibles
 d - a bread ration


   Skills:
 - Level 2.0 Dodging
 + Level 3.5 Stealth
 - Level 3.0 Spellcasting
 + Level 1.8 Conjurations
 - Level 1.0 Summonings
 - Level 1.0 Translocations


You couldn't memorise any spells.
You knew the following spells:

 Your Spells              Type           Power        Failure   Level  Hunger
a - Magic Dart            Conj           ##..         10%         1    None
b - Blink                 Tloc           N/A          17%         2    ##.....
c - Repel Missiles        Chrm/Air       #.....       24%         2    ##.....
d - Call Imp              Summ           #.......     17%         2    ##.....


Dungeon Overview and Level Annotations

Branches:
Dungeon (1/15)

Altars:


Innate Abilities, Weirdness & Mutations

You cannot wear most types of armour.
You are amphibious.
You can wear up to eight rings at the same time.
You can use your tentacles to constrict many enemies at once.
Your skin changes colour to match your surroundings (Stealth).
Your rubbery body absorbs attacks (AC +1).


Message History

You miss the giant gecko. Your grab misses the giant gecko.
The giant gecko is severely wounded.
The giant gecko bites you. The giant gecko misses you.
You hit the giant gecko but do no damage.
Your grab misses the giant gecko.
The giant gecko is severely wounded.
You are feeling hungry.
The giant gecko barely misses you.
You closely miss the giant gecko. Your grab misses the giant gecko.
The giant gecko is severely wounded.
The giant gecko bites you.
You closely miss the giant gecko. Your grab misses the giant gecko.
The giant gecko is severely wounded.
The giant gecko bites you. x2
* * * LOW HITPOINT WARNING * * *
You barely miss the giant gecko. Your grab misses the giant gecko.
Your squeeze misses the giant gecko.
The giant gecko is severely wounded.
The giant gecko bites you.
You die...

..............##..#####.#
#################.# *,*
..................# *,*
#######..###.###### *,*
#..# #.# *,* #..# #.# *,*
#..# #.# *,* #######..#
#.##########,* .........#
#.##.@l....#,* ##########
#.##.#####.#,*
#........#,*,*
####.....#,,,*
#.#####**,* ### ***


You could see a giant gecko.

Vanquished Creatures
  An ooze (D:1)
  5 goblins (D:1)
  2 hobgoblins (D:1)
  A kobold (D:1)
  3 bats (D:1)
  A giant newt (D:1)
  A rat (D:1)
14 creatures vanquished.

Notes
Turn   | Place    | Note
--------------------------------------------------------------
     0 | D:1      | Ijustatesigmund, the Octopode Wizard, began the quest for the Orb.
     0 | D:1      | Reached XP level 1. HP: 11/11 MP: 4/4
   408 | D:1      | Reached XP level 2. HP: 17/17 MP: 1/6
   950 | D:1      | Learned a level 2 spell: Blink
   953 | D:1      | Learned a level 2 spell: Repel Missiles
   956 | D:1      | Learned a level 2 spell: Call Imp
  1110 | D:1      | Slain by a giant gecko

Action                   || total
-------------------------++-------
Melee: Unarmed           ||     4
       Short sword       ||    11
 Cast: Magic Dart        ||    30
       Repel Missiles    ||     1
  Use: Scroll            ||     4
 Stab: Sleeping          ||     1
